 Dungeon Crawl Stone Soup version 0.29.1-1-gd02db6906a (webtiles) character file.

Game seed: 10352620908837924079

140 H0rd4k the Insei (level 5, -4/33 HPs)
             Began as an Octopode Transmuter on Oct 17, 2022.
             Killed by divine providence
             ... invoked by an orc priest
              (11 damage)
             ... on level 3 of the Dungeon.
             The game lasted 00:02:15 (3856 turns).

H0rd4k the Insei (Octopode Transmuter)              Turns: 3856, Time: 00:02:16

Health: -4/33      AC:  1    Str: 15    XL:     5   Next: 22%
Magic:  8/8        EV: 13    Int: 17    God:
Gold:   238        SH:  0    Dex: 13    Spells: 7/8 levels left

rFire   . . .      SeeInvis .     - Unarmed
rCold   . . .      Faith    .   (no shield)
rNeg    . . .      Spirit   .   (helmet restricted)
rPois   .          Reflect  .   s - amulet of magic regeneration
rElec   .          Harm     .   r - +6 ring of strength
rCorr   .          Rampage  .   (no ring)
Will    .....                   (no ring)
Stlth   +++.......              (no ring)
HPRegen 0.11/turn               (no ring)
MPRegen 0.51/turn               (no ring)
                                (no ring)
                                (no ring)

@: no status effects
A: almost no armour, amphibious, 8 rings, camouflage 1, gelatinous body 1,
(nimble swimmer 1), tentacles
a: no special abilities


You were on level 3 of the Dungeon.
You visited 1 branch of the dungeon, and saw 4 of its levels.

You collected 238 gold pieces.

Inventory:

Magical Staves
 h - a staff of air
Jewellery
 r - a +6 ring of strength (left tentacle)
 s - an amulet of magic regeneration (around mantle)
Scrolls
 e - 2 scrolls of enchant armour {unknown}
 k - a scroll of amnesia {unknown}
 m - a scroll of vulnerability {unknown}
 n - a scroll of teleportation {unknown}
 p - a scroll of butterflies {unknown}
 q - a scroll of poison {unknown}
 u - a scroll of enchant weapon {unknown}
 v - a scroll of magic mapping {unknown}
Potions
 a - a potion of lignification
 b - a potion of heal wounds {unknown}
 c - 2 potions of berserk rage {unknown}
 d - a potion of flight {unknown}
 f - 2 potions of attraction {unknown}
 g - 3 potions of magic {unknown}
 i - 2 potions of curing {unknown}
 j - 2 potions of mutation {unknown}
 l - a potion of cancellation {unknown}
 o - a potion of degeneration {unknown}
 t - a potion of invisibility {unknown}


   Skills:
 + Level 1.1 Fighting
 + Level 2.6 Dodging
 + Level 3.2 Stealth
 + Level 4.2 Unarmed Combat
 + Level 2.4 Spellcasting
 + Level 2.4 Transmutations


You had 7 spell levels left.
You knew the following spells:

 Your Spells              Type           Power      Damage    Failure   Level
a - Beastly Appendage     Tmut           20%        N/A       7%          1

Your spell library contained the following spells:

 Spells                   Type           Power      Damage    Failure   Level
 Wereblood                Tmut           10%        N/A       11%         2
 Spider Form              Tmut/Pois      6%         N/A       34%         3
 Ice Form                 Ice/Tmut       6%         N/A       75%         4


Dungeon Overview and Level Annotations

Branches:
Dungeon (4/15)
 Temple: D:4-7

Altars:

Shops:
D:4 (

Annotations:
D:4 1 transporter


Innate Abilities, Weirdness & Mutations

You cannot wear most types of armour.
You are amphibious.
You can wear up to eight rings at the same time.
Your skin changes colour to match your surroundings (Stealth+).
Your rubbery body absorbs attacks. (AC +1, EV +1)
((You are camouflaged when in or above water. (Stealth+)))
You have tentacles for arms and can constrict up to eight enemies at once.


Message History

You constrict the hobgoblin.
You kill the hobgoblin!
The orc priest shouts!
An orc priest is nearby!
An orc priest is nearby!
An orc priest is nearby!
The orc priest looks satisfied for a moment.
Casting: Beastly Appendage (safe; 7% risk of failure)
Confirm with . or Enter, or press ? or * to list all spells.
One of your tentacles grows a vicious spike.
Saving game... please wait.
Welcome back, H0rd4k the Octopode Transmuter.
Press ? for a list of commands and other information.
Found 14 gold pieces.
The orc priest invokes the aid of Beogh against you.
Beogh smites you!
The orc priest mumbles some strange prayers to Beogh against you.
You barely resist.
The orc shouts!
You see here a scroll labelled UWAEDGHYTAM.
The hobgoblin shouts!
You tentacle-slap the orc priest. You grab the orc priest.
You pierce the orc priest.
You squeeze the orc priest.
The orc priest is almost dead.
You constrict the orc priest.
You kill the orc priest!
Your Stealth skill increases to level 3!
You have reached level 5!
You feel agile.
You see here a +0 dagger.
Your transformation is almost over.
Unknown command.
The orc priest miscasts a cantrip.
Your tentacle spike disappears.
The orc priest mumbles some strange prayers to Beogh against you.
Beogh smites you!
* * * LOW HITPOINT WARNING * * *
The orc priest mumbles some strange prayers to Beogh against you.
Beogh smites you!
You die...

#.##.#####..............
#........#####..........
####.###.# #######....
#.# #.# ##... #.# #.#
#### #.###.#
###########. #....†#
#...<....... ####..#
#<#########. #@.# #># #.
#..# #.# #. ##.# #.# #.
#o# #.## #. #.# #..#
###. #.# ##.# #... #.#
#.# ##.## #o# #.# ##..##
###########.## #.#
##...##


You could see an orc priest and an orc.

Vanquished Creatures
  An orc priest (D:3)
  5 adders
  A worm (D:1)
  2 dart slugs
  An orc (D:3)
  8 ball pythons
  2 bats
  2 endoplasms
  4 giant cockroaches
  6 goblins
  10 hobgoblins
  4 quokkas
  2 frilled lizards (D:2)
  5 kobolds
  3 rats
56 creatures vanquished.

Vanquished Creatures (others)
  53 plants (D:2)
53 creatures vanquished.

Grand Total: 109 creatures vanquished

Notes
Turn   | Place    | Note
-------+----------+-------------------------------------------
     0 | D:1      | H0rd4k the Octopode Transmuter began the quest for the Orb.
     0 | D:1      | Reached XP level 1. HP: 13/13 MP: 3/3
   226 | D:1      | Reached XP level 2. HP: 15/18 MP: 5/5
  1488 | D:2      | Reached XP level 3. HP: 22/23 MP: 6/6
  1787 | D:2      | Reached skill level 1 in Stealth
  1969 | D:2      | Found a faded altar of an unknown god.
  2248 | D:2      | Reached XP level 4. HP: 28/28 MP: 7/7
  2620 | D:3      | Reached skill level 4 in Unarmed Combat
  3740 | D:4      | Found a transporter.
  3741 | D:4      | Found Hodweoch's Weapon Boutique.
  3833 | D:3      | Reached XP level 5. HP: 17/33 MP: 8/8
  3856 | D:3      | Killed from afar by an orc priest

Illustrated notes

Levels and vault maps discovered:
D:1:      saegor_arrival_simple_d, layout_basic, nicolae_wormholes
D:2:      layout_loops_cross, dilly_ecumenical_altar_fadedgnrine, serial_bayou,
          serial_bayou_pond_a, serial_bayou_lagoon_a, serial_bayou_pond_d,
          serial_bayou_lagoon_b
D:3:      layout_loops_ring
D:4:      layout_cave_pools, gammafunk_ghost_abyssal_escape, serial_shops,
          shop_statue

Skill      XL: |  1  2  3  4 |
---------------+-------------+-----
Stealth        | 1 3 |  3.2
Unarmed Combat | 4 |  4.2
Fighting       | |  1.1
Dodging        | |  2.6
Spellcasting   | |  2.4
Transmutations | |  2.4

Action                   |  1- 3 |  4- 6 || total
-------------------------+-------+-------++-------
Melee: Unarmed           |    71 |    48 ||   119
       Tentacles         |    16 |    12 ||    28
       Constrict         |    19 |    12 ||    31
       Punch             |     3 |     1 ||     4
       Kick              |     3 |     4 ||     7
 Cast: Beastly Appendage |     1 |     4 ||     5
 Stab: Sleeping          |     4 |     3 ||     7
       Distracted        |       |     1 ||     1
Armor: Skin              |     3 |     2 ||     5
Dodge: Dodged            |    37 |    32 ||    69
